 Dungeon Crawl Stone Soup version 0.31.0-1-g2c135a0 (webtiles) character file.

Game seed: 14358738343927135072

2793 brinewave the Cleaver (level 9, -6/121 HPs)
             Began as a Minotaur Fighter on Jan 28, 2024.
             Was a Believer of Okawaru.
             Mangled by a hornet (7 damage)
             ... on level 7 of the Dungeon.
             The game lasted 00:16:50 (6327 turns).

brinewave the Cleaver (Minotaur Fighter)            Turns: 6327, Time: 00:16:50

Health: -6/121     AC: 24    Str: 25    XL:     9   Next: 43%
Magic:  8/8        EV: -1    Int:  5    God:    Okawaru [**....]
Gold:   288        SH:  5    Dex: 10    Spells: 8/8 levels left

rFire   . . .        C - +4 flail (drain)
rCold   + . .        c - +0 buckler
rNeg    . . .        G - melded +0 plate armour
rPois   +            (helmet currently unavailable)
rElec   .            (cloak currently unavailable)
rCorr   .            t - melded +0 pair of gloves
SInv    .            (boots currently unavailable)
Will    .....        (no amulet)
Stlth   +            j - ring of protection from cold
HPRegen 0.40/turn    (no ring)
MPRegen 0.11/turn

%: no passive effects
@: tree-form, grasped by roots, slowed, constricted, very slow
A: stationary, stasis, torment immunity, boosted hp, (horns 2), (retaliatory
headbutt)
a: Renounce Religion, Heroism


You were on level 7 of the Dungeon.
You worshipped Okawaru.
Okawaru was pleased with you.
You were a tree.
You visited 2 branches of the dungeon, and saw 8 of its levels.

You collected 288 gold pieces.

Inventory:

Hand Weapons
 a - a +0 war axe
 C - a +4 flail of draining (weapon)
Missiles
 b - a boomerang
 e - 51 stones (quivered)
 h - 2 javelins
 z - a silver javelin
 A - a throwing net
 E - 11 poisoned darts
 F - an atropa-tipped dart
Armour
 c - a +0 buckler (worn)
 t - a +0 pair of gloves (melded)
 G - a +0 plate armour (melded)
Jewellery
 j - a ring of protection from cold (left branch)
 p - a ring of fire
Scrolls
 l - a scroll of teleportation
 m - a scroll of vulnerability {unknown}
 q - a scroll of butterflies {unknown}
 v - a scroll of torment {unknown}
 w - a scroll of fog
 x - a scroll of revelation
 y - a scroll of enchant armour {unknown}
 B - a scroll of silence
 H - a scroll of brand weapon {unknown}
Potions
 d - a potion of might
 f - a potion of curing {unknown}
 g - 3 potions of brilliance
 k - 2 potions of mutation
 n - 4 potions of lignification
 o - a potion of resistance {unknown}
 r - a potion of haste
 s - a potion of enlightenment {unknown}
 u - a potion of heal wounds {unknown}


   Skills:
 + Level 7.8 Fighting
 * Level 10.2 Axes
 + Level 7.9 Armour
 + Level 7.8 Shields


You had 8 spell levels left.
You didn't know any spells.
Your spell library contained the following spells:

 Spells                   Type           Power      Damage    Failure   Level
 Blink                    Tloc           0%         N/A       67%         2
 Lesser Beckoning         Tloc           0%         N/A       67%         2
 Momentum Strike          Conj/Tloc      0%         3d8       67%         2
 Gell's Gravitas          Tloc           0%         N/A       88%         3
 Inner Flame              Hex/Fire       0%         N/A       88%         3
 Ozocubu's Armour         Ice            0%         N/A       88%         3
 Teleport Other           Tloc           0%         N/A       88%         3
 Flame Wave               Conj/Fire      0%         2d4       99%         4
 Sticky Flame             Fire/Alch      0%         2d4       99%         4
 Metabolic Englaciation   Hex/Ice        0%         N/A       100%        5
 Dispersal                Tloc           0%         N/A       100%        6
 Sculpt Simulacrum        Ice/Alch       Unusable   N/A       N/A         6

Dungeon Overview and Level Annotations

Branches:
Dungeon (7/15)             Temple (1/1) D:6

Altars:
Ashenzari
Dithmenos
Elyvilon
Gozag
Hepliaklqana
Kikubaaqudgha
Makhleb
Nemelex Xobeh
Okawaru
Qazlal
Ru
Xom
Yredelemnul
Zin

Shops:
D:1 *   D:4 (

Annotations:
D:2 1 runed translucent door, Crazy Yiuf
D:7 Maurice


Innate Abilities, Weirdness & Mutations

You are a tree.
Your roots penetrate the ground, keeping you stationary.
You cannot be teleported.
You are immune to unholy pain and torment.
Your maximum health is greatly increased.
Your equipment is partially melded.
((You have a pair of horns on your head.))
((You reflexively headbutt those who attack you in melee.))


Message History

The roots erupt in riotous growth!
The hornet is unaffected.
The grasping roots grab you!
You are constricted.
You closely miss the hornet.
The hornet is heavily wounded.
You feel sick. The hornet completely misses you. You block the hornet's attack.
You are constricted.
The hornet stings you.
You feel as though you will be slow longer.
You are constricted.
You barely miss the hornet. Your headbutt misses the hornet.
The hornet is heavily wounded.
You feel sick. You block the hornet's attack.
You are constricted.
* * * LOW HITPOINT WARNING * * *
The hornet stings you!
* * * LOW HITPOINT WARNING * * *
You feel as though you will be slow longer.
The grasping roots release their grip on you.
You feel sick.
You hear a zap.
The roots erupt in riotous growth!
The hornet is unaffected.
The grasping roots grab you!
You are constricted.
* * * LOW HITPOINT WARNING * * *
The hornet stings you.
* * * LOW HITPOINT WARNING * * *
You feel as though you will be slow longer.
You are constricted.
* * * LOW HITPOINT WARNING * * *
Okay, then.
Okay, then.
You turn into a tree.
Your +0 pair of gloves melds into your body.
Your +0 plate armour melds into your body.
Your roots penetrate the ground.
* * * LOW HITPOINT WARNING * * *
You feel sick.
You are no longer poisoned.
The hornet stings you but does no damage.
The hornet stings you!
You die...

.......
.......
.......
.......
.......
.......
#####....#
#..♣y....#
#<##{#####
####.# ..#
###


You could see a hornet.

Vanquished Creatures
  Pikel (D:5)
  A hornet (D:5)
  Sigmund (D:2)
  Eustachio (D:4)
  Menkaure (D:5)
  Edmund (D:4)
  A water moccasin (D:6)
  Duvessa (D:4)
  An ice beast (D:6)
  2 lemures
  A scorpion (Temple)
  8 wights
  Dowan (D:4)
  4 jellies
  A vampire bat (D:5)
  2 bombardier beetles
  3 orc priests
  3 iguanas
  4 orc wizards
  Natasha (twice) (D:4)
  6 adders
  2 white imps (D:5)
  2 ufetubi (D:6)
  3 dart slugs
  3 fire bats (D:5)
  A ribbon worm (D:4)
  20 orcs
  2 spectral bats (D:5)
  2 ball pythons (D:4)
  3 bat skeletons (D:5)
  A bat zombie (D:5)
  6 endoplasms
  3 giant cockroaches
  8 goblins
  2 hobgoblins
  2 jackals (D:5)
  4 quokkas
  3 training dummies (D:4)
  16 bats
  A bat simulacrum (D:5)
  5 frilled lizards
  9 kobolds
  4 rats
148 creatures vanquished.

Notes
Turn   | Place    | Note
-------+----------+-------------------------------------------
     0 | D:1      | brinewave the Minotaur Fighter began the quest for the Orb.
     0 | D:1      | Reached XP level 1. HP: 19/19 MP: 0/0
   117 | D:1      | Found Jexzuekh's General Store.
   173 | D:1      | Reached XP level 2. HP: 27/27 MP: 1/1
   354 | D:1      | Reached skill level 3 in Axes
   605 | D:2      | Noticed Sigmund
   794 | D:2      | Reached XP level 3. HP: 32/33 MP: 2/2
   835 | D:3      | Reached XP level 4. HP: 40/40 MP: 3/3
  1038 | D:3      | Reached skill level 4 in Axes
  1516 | D:2      | Noticed a great orb of eyes
  1527 | D:2      | Noticed a glass eye
  1532 | D:2      | Found a faded altar of an unknown god.
  1535 | D:2      | Noticed a golden eye
  1535 | D:2      | Noticed a glass eye
  1845 | D:4      | Found a hazy altar of Hepliaklqana.
  1871 | D:4      | Found Yttinu's Firing Range.
  1873 | D:4      | Noticed Duvessa
  1875 | D:4      | Noticed Dowan
  1915 | D:4      | Killed Duvessa
  1916 | D:4      | Reached skill level 5 in Axes
  1916 | D:4      | Reached XP level 5. HP: 32/47 MP: 4/4
  1919 | D:4      | Killed Dowan
  1920 | D:4      | Reached XP level 6. HP: 32/55 MP: 5/5
  2157 | D:4      | Reached skill level 5 in Armour
  2159 | D:4      | Reached skill level 5 in Shields
  2306 | D:4      | Found a white marble altar of Elyvilon.
  2359 | D:4      | Noticed Eustachio
  2387 | D:4      | Killed Eustachio
  2388 | D:4      | Reached skill level 5 in Fighting
  2523 | D:4      | Noticed Edmund
  2536 | D:4      | Reached skill level 6 in Axes
  2538 | D:4      | Killed Edmund
  2539 | D:4      | Reached XP level 7. HP: 27/61 MP: 6/6
  2772 | D:2      | Found a runed translucent door.
  2773 | D:2      | Noticed Crazy Yiuf
  2858 | D:2      | Killed Sigmund
  3145 | D:4      | Noticed Natasha
  3148 | D:4      | Killed Natasha
  3253 | D:5      | Entered Level 5 of the Dungeon
  3253 | D:5      | Noticed Pikel
  3275 | D:4      | Noticed Natasha
  3283 | D:4      | Killed Natasha
  3508 | D:5      | Reached skill level 7 in Axes
  4109 | D:5      | Found a broken altar of Ashenzari.
  4124 | D:5      | Found an iron altar of Okawaru.
  4149 | D:5      | Killed Pikel
  4150 | D:5      | Reached skill level 8 in Axes
  4150 | D:5      | Reached XP level 8. HP: 27/71 MP: 7/7
  4214 | D:5      | Became a worshipper of Warmaster Okawaru
  4334 | D:5      | Noticed a hornet
  4338 | D:5      | Paralysed by a hornet for 2 turns
  4344 | D:5      | Killed a hornet
  4680 | D:5      | Noticed Menkaure
  4687 | D:5      | Killed Menkaure
  4687 | D:5      | Reached * piety under Okawaru
  4688 | D:5      | Reached skill level 9 in Axes
  4714 | D:5      | Found a sparkling altar of Nemelex Xobeh.
  5022 | D:6      | Found a burning altar of Makhleb.
  5040 | D:6      | Noticed a green death
  5052 | D:6      | Reached XP level 9. HP: 72/79 MP: 8/8
  5096 | D:6      | Found a staircase to the Ecumenical Temple.
  5167 | Temple   | Entered the Ecumenical Temple
  5571 | D:6      | Found a sacrificial altar of Ru.
  5601 | D:6      | Reached ** piety under Okawaru
  5779 | D:6      | Reached skill level 10 in Axes
  6017 | D:6      | Found a basalt altar of Yredelemnul.
  6319 | D:7      | Noticed Maurice
  6326 | D:7      | HP: 2/81 [hornet (4)]
  6327 | D:7      | Mangled by a hornet

Illustrated notes

Levels and vault maps discovered:
D:1:      wander_arrival_lonely_grave, layout_basic, serial_shops, shop
D:2:      layout_basic, hellmonk_ecumenical_altar_watching_god, uniq_sigmund,
          uniq_crazy_yiuf_cottage
D:3:      layout_basic, item_on_display_a
D:4:      kennysheep_six_static_rooms, layout_cave_pools, lemuel_crystal_altar,
          mainiacjoe_overflow_brackets, nicolae_shop_firing_range, uniq_natasha,
          uniq_edmund, uniq_duvessa, uniq_eustachio
D:5:      layout_loops_corners, okawaru_trees_1,
          nemelex_xobeh_ov_fountains_minmay, kennysheep_little_box,
          goddamned_bats, uniq_pikel, uniq_menkaure
D:6:      layout_basic, marbit_many_paths, nicolae_ru_awakened_eye,
          makhleb_altar_promises_db, minmay_temple_entry_tees
D:7:      layout_basic, trog_wizard, nicolae_overflow_hidden_temple,
          mainiacjoe_overflow_boulevard, nicolae_nh_ransacked_shop,
          uniq_maurice, uniq_joseph
Temple:   hellmonk_temple_beads

Skill      XL: |  1  2  3  4  5  6  7  8  9 |
---------------+----------------------------+-----
Axes           | 3 5 6 8 9 10 | 10.2
Fighting       | 4 5 6 7 |  7.8
Armour         | 4 5 6 7 |  7.9
Shields        | 4 5 6 7 |  7.8

Action                     |  1- 3 |  4- 6 |  7- 9 || total
---------------------------+-------+-------+-------++-------
  Melee: War axe           |    46 |   113 |       ||   159
         Headbutt          |     9 |    13 |    37 ||    59
         Flail             |       |       |   220 ||   220
    Use: Potion            |       |       |     2 ||     2
         Scroll            |       |       |    11 ||    11
 Armour: Scale mail        |    29 |    42 |       ||    71
         Chain mail        |       |    47 |    35 ||    82
         Plate armour      |       |       |   187 ||   187
         Skin              |       |       |     2 ||     2
  Dodge: Dodged            |    28 |    48 |    81 ||   157
  Block: Buckler           |    12 |    32 |    61 ||   105
